 Dungeon Crawl Stone Soup version 0.29-a0-1014-ga8c0faee3b (webtiles) character file.

Game seed: 4959820695931176840

60 BritishOli the Trooper (level 3, 25/29 HPs)
             Began as a Demonspawn Fighter on Aug 9, 2022.
             Got out of the dungeon alive.
             The game lasted 00:01:07 (2025 turns).

BritishOli the Trooper (Demonspawn Fighter)         Turns: 2025, Time: 00:01:07

Health: 25/29      AC:  8    Str: 18    XL:     3   Next: 80%
Magic:  3/3        EV:  9    Int:  9    God:
Gold:   169        SH:  4    Dex: 12    Spells: 2/2 levels left

rFire   . . .      SeeInvis .   a - +0 long sword
rCold   . . .      Faith    .   c - +0 buckler
rNeg    . . .      Spirit   .   b - +0 scale mail
rPois   .          Reflect  .   (no helmet)
rElec   .          Harm     .   (no cloak)
rCorr   .          Rampage  .   (no gloves)
Will    .....                   (no boots)
Stlth   ..........              (no amulet)
HPRegen 0.09/turn               (no ring)
MPRegen 0.08/turn               (no ring)

@: no status effects
A: yellow scales 1, demonic touch 1
a: no special abilities


You escaped.
You visited 1 branch of the dungeon, and saw 2 of its levels.

You collected 169 gold pieces.

Inventory:

Hand Weapons
 a - a +0 long sword (weapon)
Armour
 b - a +0 scale mail (worn)
 c - a +0 buckler (worn)
Scrolls
 e - a scroll of vulnerability {unknown}
 f - 2 scrolls of identify {unknown}
 g - a scroll of immolation {unknown}
 h - 3 scrolls of magic mapping {unknown}
 j - a scroll of teleportation {unknown}
Potions
 d - a potion of might
 i - a potion of flight {unknown}
 k - a potion of curing {unknown}


   Skills:
 + Level 3.5 Fighting
 + Level 2.4 Long Blades
 + Level 3.2 Armour
 + Level 3.1 Shields


You had 2 spell levels left.
You didn't know any spells.
Your spell library was empty.

Dungeon Overview and Level Annotations

Branches:
Dungeon (2/15)

Altars:

Shops:
D:1 *


Innate Abilities, Weirdness & Mutations

You are partially covered in yellow scales. (AC +2)
Your touch may inflict minor irresistible damage on your foes.


Message History

You completely miss the adder.
The adder is almost dead.
The bat hits you but does no damage. The adder barely misses you.
The adder closely misses you. The worm bites you.
You slash the adder!
You kill the adder!
The bat hits you but does no damage. x2; The bat barely misses you.
The worm bites you but does no damage.
You closely miss the bat.
The bat is moderately wounded.
The bat closely misses you. The bat hits you but does no damage.
You hit the bat.
You kill the bat!
The worm bites you.
You hit the worm.
The worm is moderately wounded.
The worm bites you.
You slash the worm!
The worm is severely wounded.
The worm closely misses you.
You hit the worm.
The worm is almost dead.
You slash the worm!
You kill the worm!
No target in view!
No target in view!
No target in view!
(D) Dungeon
Where to? (Enter - D:2, ? - help)
You open the door.
There is an open door here.
There is a stone staircase leading up here.
You climb upwards.
There is a stone staircase leading down here.
(D) Dungeon
Where to? (Enter - D:1, ? - help)
Okay, then.
There is a staircase leading out of the dungeon here.
Are you sure you want to leave the Dungeon?
This will make you lose the game!
You have escaped!

#.................# #.###..#
######'############ #.# #..######
#.##.######### #.# #........
#.##.#≈≈≈≈≈≈≈# #.# #........
#.##.#≈≈≈..≈≈###.# #...)....
#.##.≈≈≈≈..≈..##.# ##..#####
#.##.≈≈≈......##.# #..#
#.##.≈≈≈......##.####..#####
#.##.≈≈≈.≈.@(.#.............
###.##.≈≈≈~≈....#.......#.####
#......≈≈≈≈~....#.#######..#..
#.####.≈≈≈≈≈....#.# ##.#.. #.#
#.#≈≈≈≈....#.########.... #.#
#.#######..#.##....###.## ####.##
#.# ##...##....# #..#
......###.## ######.##....####.#
...........####...##.##.........#


There were no monsters in sight!

Vanquished Creatures
  3 adders (D:2)
  2 worms (D:2)
  3 bats
  3 endoplasms
  A giant cockroach (D:1)
  2 goblins (D:1)
  3 hobgoblins (D:2)
  A quokka (D:1)
  4 ball pythons
  2 frilled lizards
  2 kobolds
  2 rats
28 creatures vanquished.

Notes
Turn   | Place    | Note
-------+----------+-------------------------------------------
     0 | D:1      | BritishOli the Demonspawn Fighter began the quest for the
                  | Orb.
     0 | D:1      | Reached XP level 1. HP: 18/18 MP: 1/1
   332 | D:1      | Gained mutation: You are partially covered in yellow
                  | scales. (AC +2) [demonic ancestry]
   332 | D:1      | Reached XP level 2. HP: 22/24 MP: 2/2
   709 | D:1      | Found Uvvugho's Assorted Antiques.
  1803 | D:2      | Gained mutation: Your touch may inflict minor irresistible
                  | damage on your foes. [demonic ancestry]
  1803 | D:2      | Reached XP level 3. HP: 29/29 MP: 3/3
  2025 | D:$      | Got out of the dungeon alive.

Illustrated notes

Levels and vault maps discovered:
D:1:      dpeg_arrival_pond, layout_basic, serial_shops, shop
D:2:      layout_loops_corners

Skill      XL: |  1  2 |
---------------+-------+-----
Long Blades    | 2 |  2.4
Armour         | 3 |  3.2
Shields        | 3 |  3.1
Fighting       | |  3.5

Action                   || total
-------------------------++-------
Melee: Long sword        ||   116
Armor: Scale mail        ||    79
Dodge: Dodged            ||    62
Block: Buckler           ||    28

Table legend: (Time is in decaauts)
 A = Elapsed time spent in this place.
 B = Non-inter-level travel time spent in this place.
 C = Inter-level travel time spent in this place.
 D = Time resting spent in this place.
 E = Time spent auto-exploring this place.
 F = Levels seen in this place.
 G = Mean time per level.
                   A        B        C        D        E       F      G
               +--------+--------+--------+--------+--------+-----+--------+
         Total |   2063 |   1992 |     71 |    179 |   1545 |   2 | 1031.5 |
       Dungeon |   2063 |   1992 |     71 |    179 |   1545 |   2 | 1031.5 |
               +--------+--------+--------+--------+--------+-----+--------+

Top non-repeatable levels by time:
     D:2: 1091 daAuts
     D:1: 972 daAuts
